 Dungeon Sprint DCSS version 0.21.1-1-g345015f (webtiles) character file.

3291 Fang the Warrior (level 9, -1/145 HPs)
             Began as a Minotaur Berserker on June 8, 2018.
             Was the Champion of Trog.
             Slain by a red devil
             ... wielding a +0 trident
              (6 damage)
             ... in the Dungeon (Sprint V: "Ziggurat Sprint").
             The game lasted 00:03:45 (587 turns).

Fang the Warrior (Minotaur Berserker)                Turns: 587, Time: 00:03:45

Health: -1/145     AC: 15    Str: 37    XL:     9   Next: 69%
Magic:  8/8        EV: 13    Int:  4    God:    Trog [******]
Gold:   0          SH:  0    Dex: 13    Spells: 8/8 levels left

rFire    . . .     SeeInvis .   B - +7 battleaxe of Balance {venom, rElec Dex+4}
rCold    . . .     Gourm    .   (shield currently unavailable)
rNeg     . . .     Faith    .   j - +5 shadow dragon scales
rPois    .         Spirit   .   (helmet restricted)
rElec    +         Reflect  .   (no cloak)
rCorr    .         Harm     .   (no gloves)
MR       .....     NoTele   +   (no boots)
Stlth    ..........             (no amulet)
HPRegen  0.34/turn              G - ring of flight
MPRegen  0.11/turn              F - +6 ring of strength

@: berserking, corroded, very quick
A: retaliatory headbutt, horns 2
a: Berserk, Trog's Hand, Brothers in Arms, Burn Spellbooks, Renounce Religion,
Evoke Flight


You were in the Dungeon.
You worshipped Trog.
Trog was exalted by your worship.
You were very hungry.

You visited 1 branch

Inventory:

Hand Weapons
 k - a +5 executioner's axe
 l - a +5 demon trident
 A - a +4 hand axe of electrocution
 B - the +7 battleaxe of Balance (weapon) {venom, rElec Dex+4}
   (Trog gifted it to you in the Dungeon)

   It poisons the flesh of those it strikes.
   It affects your dexterity (+4).
   It insulates you from electricity.
 C - a +5 antimagic war axe
Armour
 j - +5 shadow dragon scales (worn)
Jewellery
 F - a +6 ring of strength (right hand)
 G - a ring of flight (left hand)
Wands
 x - a wand of disintegration (7)
 y - a wand of iceblast (7)
 z - a wand of acid (7)
Scrolls
 i - 4 scrolls of blinking
 m - 8 scrolls of fog
 n - a scroll of holy word
 o - 5 scrolls of identify
 p - 5 scrolls of remove curse
 q - 2 scrolls of fear
Potions
 d - 9 potions of curing
 e - 9 potions of heal wounds
 f - 6 potions of haste
 g - 7 potions of magic
 h - 3 potions of berserk rage
 r - 2 potions of brilliance
 s - 2 potions of invisibility
 t - 4 potions of resistance
 u - a potion of experience
 v - 5 potions of agility
 w - 5 potions of might
Miscellaneous
 a - a phial of floods
Comestibles
 b - 3 chunks of flesh
 c - 7 rations


   Skills:
 + Level 15.1 Fighting
 + Level 13.6(15.0) Axes
 + Level 11.4(14.0) Polearms
 + Level 10.9 Armour
 + Level 7.4 Dodging


You had 8 spell levels left.
You didn't know any spells.

Dungeon Overview and Level Annotations

Branches:
Dungeon (1/1)

Altars:
Ashenzari
Cheibriados
Dithmenos
Elyvilon
Fedhas
Gozag
Hepliaklqana
Kikubaaqudgha
Makhleb
Nemelex Xobeh
Okawaru
Qazlal
Ru
Sif Muna
Trog
Uskayaw
Vehumet
Wu Jian
Xom
Yredelemnul
Zin
The Shining One
Beogh
Jiyva
Lugonu

Annotations:
D 1 transporter


Innate Abilities, Weirdness & Mutations

You reflexively headbutt those who attack you in melee.
You have a pair of horns on your head.


Message History

You feel yourself moving faster!
You feel mighty!
You are feeling very hungry.
The red devil misses you.
Kamob gestures.
You barely miss Kamob.
Kamob is heavily wounded.
Unknown command.
You barely miss Kamob.
Kamob is heavily wounded.
The red devil hits you but does no damage.
Kamob hits you but does no damage.
Unknown command.
You closely miss Kamob.
Kamob is heavily wounded.
You slash the hellwing!
Kamob conjures an orb of pure magic.
The wavering orb of destruction weakly hits you!
* * * LOW HITPOINT WARNING * * *
The red devil hits you from afar with a trident.
You die...

▓.▓...▓.▓
▓...©...▓
▓▓▓▓▓▓▓▓▓
▓..8©8..▓
▓..[)[..▓
▓..:3|..▓
▓....4..▓
▓..4&...▓
▓...@...▓
▓.......▓
▓.......▓
▓...©...▓
▓▓▓▓▓▓▓▓▓


You could see Kamob, a hellwing, a smoke demon and a red devil.

Vanquished Creatures
  A large abomination (D)
  3 deep elf magi (D)
  2 rime drakes (D)
  A swamp drake (D)
  A phantom (D)
  3 black bears (D)
  A wolf (D)
  2 earth elementals (D)
  2 crimson imps (D)
  3 iron imps (D)
  2 shadow imps (D)
  2 white imps (D)
  An ufetubus (D)
  An adder skeleton (D)
  A giant cockroach zombie (D)
  A jackal zombie (D)
27 creatures vanquished.

Vanquished Creatures (others)
  A spatial maelstrom (D)
  A smoke demon (D)
2 creatures vanquished.

Grand Total: 29 creatures vanquished

Notes
Turn   | Place    | Note
-------+----------+-------------------------------------------
     0 | D        | Found the +6 Majin-Bo {vamp, Archmagi MP+6 Int+6}
     0 | D        | Found the +7 great mace "Firestarter" {inner flame, rF++}
     0 | D        | Fang the Minotaur Berserker began the quest for the Orb.
     0 | D        | Reached XP level 1. HP: 19/19 MP: 0/0
     3 | D        | Found a blossoming altar of Fedhas.
     4 | D        | Found a viscous altar of Jiyva.
     4 | D        | Found a hazy altar of Hepliaklqana.
     4 | D        | Found a transporter.
     4 | D        | Found an opulent altar of Gozag.
     4 | D        | Found an ancient bone altar of Kikubaaqudgha.
     4 | D        | Found a corrupted altar of Lugonu.
    10 | D        | Found a burning altar of Makhleb.
    10 | D        | Banished a spatial maelstrom
    11 | D        | Found a stormy altar of Qazlal.
    11 | D        | Found a sacrificial altar of Ru.
    11 | D        | Found an iron altar of Okawaru.
    11 | D        | Found a deep blue altar of Sif Muna.
    11 | D        | Found a sparkling altar of Nemelex Xobeh.
    11 | D        | Found a bloodstained altar of Trog.
    85 | D        | Entered arena 2.
    85 | D        | Noticed an iron imp
    85 | D        | Found a transporter.
    87 | D        | Killed an iron imp
    87 | D        | Reached skill level 5 in Fighting
    87 | D        | Reached skill level 5 in Axes
    87 | D        | Reached XP level 2. HP: 30/30 MP: 1/1
    92 | D        | Reached skill level 6 in Fighting
    92 | D        | Reached XP level 3. HP: 37/37 MP: 2/2
   133 | D        | Reached ** piety under Trog
   139 | D        | Entered arena 3.
   139 | D        | Noticed a rime drake
   139 | D        | Noticed a swamp drake
   139 | D        | Noticed a rime drake
   139 | D        | Found a transporter.
   147 | D        | Killed a rime drake
   147 | D        | Reached skill level 9 in Fighting
   147 | D        | Reached skill level 1 in Polearms
   147 | D        | Reached skill level 5 in Armour
   147 | D        | Reached skill level 5 in Dodging
   147 | D        | Reached XP level 4. HP: 48/51 MP: 3/3
   147 | D        | Reached XP level 5. HP: 55/58 MP: 4/4
   147 | D        | Reached XP level 6. HP: 63/66 MP: 5/5
   169 | D        | HP: 1/66 [swamp drake (4)]
   172 | D        | Killed a swamp drake
   172 | D        | Reached *** piety under Trog
   172 | D        | Reached skill level 10 in Fighting
   172 | D        | Reached skill level 10 in Axes
   179 | D        | Killed a rime drake
   179 | D        | Reached skill level 11 in Fighting
   179 | D        | Reached XP level 7. HP: 41/74 MP: 6/6
   332 | D        | Entered arena 4.
   332 | D        | Found a transporter.
   338 | D        | Reached **** piety under Trog
   347 | D        | Entered arena 5.
   347 | D        | Found a transporter.
   350 | D        | Reached ***** piety under Trog
   350 | D        | Reached skill level 12 in Fighting
   350 | D        | Reached skill level 5 in Polearms
   355 | D        | Reached XP level 8. HP: 83/85 MP: 7/7
   373 | D        | Entered arena 6.
   373 | D        | Noticed a deep elf mage
   373 | D        | Noticed a deep elf mage
   373 | D        | Noticed a deep elf mage
   373 | D        | Found a transporter.
   378 | D        | Killed a deep elf mage
   378 | D        | Reached skill level 13 in Fighting
   380 | D        | Killed a deep elf mage
   380 | D        | Received a gift from Trog
   382 | D        | Killed a deep elf mage
   382 | D        | Reached skill level 14 in Fighting
   382 | D        | Reached skill level 10 in Armour
   382 | D        | Reached XP level 9. HP: 96/96 MP: 8/8
   394 | D        | Received a gift from Trog
   400 | D        | Got a brightly glowing battleaxe {god gift}
   401 | D        | Identified the +7 battleaxe of Balance {venom, rElec Dex+4} (Trog gifted it to you in the Dungeon)
   537 | D        | Entered arena 7.
   537 | D        | Noticed a large abomination
   538 | D        | Found a transporter.
   541 | D        | Killed a large abomination
   541 | D        | Reached skill level 15 in Fighting
   541 | D        | Reached skill level 10 in Polearms
   542 | D        | Reached ****** piety under Trog
   543 | D        | Received a gift from Trog
   544 | D        | Found the +8 storm bow {elec}
   573 | D        | Entered arena 8.
   573 | D        | Noticed a smoke demon
   573 | D        | Noticed Kamob the pandemonium lord
   573 | D        | Noticed a red devil
   574 | D        | Found the -2 hat of the Alchemist {rElec rPois rF+ rC+ rN+ MR+ rMut rCorr}
   574 | D        | Found a transporter.
   579 | D        | Noticed a rust devil
   580 | D        | Killed a smoke demon
   585 | D        | Noticed a hellwing
   585 | D        | Noticed a smoke demon
   587 | D        | HP: 5/145 [disintegration (39)]
   587 | D        | Slain by a red devil

Skill      XL: |  1  2  3  4  5  6  7  8  9 |
---------------+----------------------------+-----
Fighting       | 5 6 9 11 12 14 15 | 15.1
Axes           | 5 6 9 11 13 | 13.6
Armour         | 3 5 7 8 10 | 10.9
Dodging        | 3 5 6 7 |  7.4
Polearms       | 1 4 6 9 11 | 11.4

Action                   |  1- 3 |  4- 6 |  7- 9 || total
-------------------------+-------+-------+-------++-------
Melee: Demon trident     |    11 |    13 |    25 ||    49
       Headbutt          |     1 |     2 |     8 ||    11
       Battleaxe         |       |       |    16 ||    16
Invok: Berserk           |     2 |       |     3 ||     5
       Burn Spellbooks   |     1 |       |     2 ||     3
  Use: Potion            |       |     2 |       ||     2
 Stab: Confused          |       |     1 |       ||     1
  Eat: Chunk             |       |       |     2 ||     2
Armor: Shadow dragon sca |     4 |     6 |    30 ||    40
Dodge: Dodged            |     1 |    16 |    22 ||    39
